 Dungeon Crawl Stone Soup version 0.30-a0-743-gbfdf073431 (webtiles) character file.

Game seed: 2452245034644869601

246034 boo the Spry (level 19, -32/117 HPs)
             Began as a Tengu Gladiator on Feb 7, 2023.
             Was an Elder of Okawaru.
             Annihilated by a vault warden
             ... wielding a +2 great mace
              (57 damage)
             ... on level 1 of the Vaults.
             The game lasted 02:49:33 (38126 turns).

boo the Spry (Tengu Gladiator)                     Turns: 38126, Time: 02:49:33

Health: -32/117    AC: 15    Str: 20    XL:     19   Next: 49%
Magic:  34/34      EV: 42    Int: 10    God:    Okawaru [****..]
Gold:   1934       SH:  0    Dex: 24    Spells: 15/38 levels left

rFire   + + .      SeeInvis +    a - +3 quarterstaff "Vicsor" {venom, rPois rF+ Str+3 Dex+3}
rCold   + + +      Faith    .    (shield currently unavailable)
rNeg    + + +      Spirit   .    k - +4 skin of Zhor {*Englaciate rC+++ SInv}
rPois   +          Reflect  .    f - +1 hat {Will+}
rElec   .          Harm     .    w - +0 cloak of Misanthropy {rN+ Dex+3}
rCorr   .          Rampage  .    L - +3 pair of gauntlets of War {Slay+5}
Will    ++...                    (boots unavailable)
Stlth   ++++++                   O - amulet of regeneration
HPRegen 1.19/turn                T - ring "Leiffaesu" {Fire rN++ Dex-2 SInv}
MPRegen 0.24/turn                X - ring of protection from cold

@: heroic, flying quickly and evasively, quick
A: beak, talons 3, nimble flight, frail 1
}: 2/15 runes: decaying, gossamer
a: Renounce Religion, Heroism, Finesse


You were on level 1 of the Vaults.
You worshipped Okawaru.
Okawaru was greatly pleased with you.
You visited 7 branches of the dungeon, and saw 32 of its levels.
You visited 1 bazaar.
You also visited: Sewer and Ice Cave.

You collected 6840 gold pieces.
You spent 4906 gold pieces at shops.

Inventory:

Hand Weapons
 a - the +3 quarterstaff "Vicsor" (weapon) {venom, rPois rF+ Str+3 Dex+3}
   (Okawaru gifted it to you on level 12 of the Dungeon)

   Str:       It affects your strength (+3).
   Dex:       It affects your dexterity (+3).
   rF:        It protects you from fire.
   rPois:     It protects you from poison.
 b - a +4 lajatang of venom
 c - a +5 antimagic lajatang
 Z - the +10 quarterstaff "Kefriopa" {drain, Int+4}
   (Okawaru gifted it to you on level 14 of the Dungeon)

   Int:       It affects your intelligence (+4).
Missiles
 d - 4 throwing nets (quivered)
 e - 5 javelins
 V - 11 silver javelins
Armour
 f - a +1 hat of willpower (worn)
 k - the +4 skin of Zhor (worn) {*Englaciate rC+++ SInv}
   (You found it on level 3 of the Lair of Beasts)

   *Englaciate: It radiates cold, occasionally slowing all nearby creatures who
   are not resistant to cold.
   rC:        It renders you almost immune to cold.
   SInv:      It lets you see invisible.
 o - the +1 robe of Articulation {rElec rN++}
   (Okawaru gifted it to you on level 1 of the Orcish Mines)

   rElec:     It insulates you from electricity.
   rN:        It greatly protects you from negative energy.
 w - the +0 cloak of Misanthropy (worn) {rN+ Dex+3}
   (You bought it in a shop on level 4 of the Dungeon)

   Dex:       It affects your dexterity (+3).
   rN:        It protects you from negative energy.
 A - a +1 cloak of stealth
 J - the +1 robe of the Heron {rElec rPois rC-}
   (You bought it in a shop in a bazaar)

   rC:        It makes you vulnerable to cold.
   rElec:     It insulates you from electricity.
   rPois:     It protects you from poison.
 L - the +3 pair of gauntlets of War (worn) {Slay+5}
   (You bought it in a shop on level 2 of the Orcish Mines)

   Slay:      It affects your accuracy & damage with ranged weapons and melee
   (+5).
 M - a scarf of repulsion
Jewellery
 v - a ring of positive energy
 z - a ring of protection from fire
 F - a ring of resist corrosion
 O - an amulet of regeneration (around neck)
 T - the ring "Leiffaesu" (left hand) {Fire rN++ Dex-2 SInv}
   (You found it on level 2 of the Lair of Beasts)

   [ring of fire]

   It enhances your fire magic.
   Dex:       It affects your dexterity (-2).
   rF:        It protects you from fire.
   rC:        It makes you vulnerable to cold.
   rN:        It greatly protects you from negative energy.
   SInv:      It lets you see invisible.
 X - a ring of protection from cold (right hand)
Wands
 g - a wand of digging (10)
 m - a wand of flame (18)
 r - a wand of quicksilver (13)
 B - a wand of roots (27)
 H - a wand of mindburst (23)
Scrolls
 l - 5 scrolls of teleportation
 s - 5 scrolls of magic mapping
 u - a scroll of amnesia
 y - 7 scrolls of silence
 E - 4 scrolls of fog
 G - 9 scrolls of identify
 I - 2 scrolls of blinking
 N - a scroll of enchant armour
 R - 14 scrolls of enchant weapon
 W - 7 scrolls of fear
Potions
 h - 6 potions of heal wounds
 i - 16 potions of curing
 j - 8 potions of might
 n - 4 potions of berserk rage
 p - 7 potions of haste
 q - 3 potions of magic
 t - 3 potions of resistance
 C - 8 potions of ambrosia
 D - 2 potions of cancellation
 K - a potion of lignification
 P - 2 potions of invisibility
 U - 4 potions of brilliance
Miscellaneous
 x - a lightning rod (4/4)


   Skills:
 + Level 18.4(23.4) Fighting
 - Level 15.1(20.1) Staves
 - Level 2.0(7.0) Throwing
 + Level 14.7(19.7) Armour
 + Level 19.9(24.9) Dodging
 - Level 9.7(14.7) Stealth
 + Level 10.4 Spellcasting
 - Level 9.0 Conjurations
 - Level 8.9 Air Magic


You had 15 spell levels left.
You knew the following spells:

 Your Spells              Type           Power      Damage    Failure   Level
a - Swiftness             Air            23%        N/A       1%          3
b - Shock                 Conj/Air       92%        1d8       1%          1
c - Airstrike             Air            11%        2d(2-18)  3%          4
d - Static Discharge      Conj/Air       46%        2-4/arc   1%          2
e - Arcjolt               Conj/Air       11%        1d21      9%          5
f - Lightning Bolt        Conj/Air       11%        1d24      9%          5
g - Vhi's Electric Charg  Tloc/Air       28%        N/A       6%          3

Your spell library contained the following spells:

 Spells                   Type           Power      Damage    Failure   Level
 Poisonous Vapours        Pois/Air       28%        N/A       3%          2
 Hailstorm                Conj/Ice       14%        3d5       6%          3
 Stone Arrow              Conj/Erth      28%        3d8       6%          3
 Iskenderun's Battlesphe  Conj           23%        2d8       9%          5
 Kindle Blastsparks       Fire/Tloc/Air  32%        2d12      12%         3
 Freeze                   Ice            20%        1d4       13%         1
 Necrotise                Necr           20%        1d5       13%         1
 Sandblast                Erth           10%        2d5       13%         1
 Sting                    Tmut/Pois      20%        1d4       13%         1
 Ensorcelled Hibernation  Hex/Ice        10%        N/A       21%         2
 Lesser Beckoning         Tloc           10%        N/A       21%         2
 Passwall                 Tmut/Erth      4%         N/A       21%         2
 Flame Wave               Conj/Fire      21%        2d8       21%         4
 Fulminant Prism          Conj/Hex       7%         3d6       21%         4
 Iskenderun's Mystic Bla  Conj/Tloc      14%        2d5       21%         4
 Sticky Flame             Conj/Fire      21%        2d4       21%         4
 Freezing Cloud           Conj/Ice/Air   8%         6-21      30%         5
 Frozen Ramparts          Ice            10%        1d2       36%         3
 Gell's Gravitas          Tloc           5%         N/A       36%         3
 Inner Flame              Hex/Fire       7%         N/A       36%         3
 Ozocubu's Armour         Ice            5%         N/A       36%         3
 Spider Form              Tmut/Pois      5%         N/A       36%         3
 Teleport Other           Tloc           5%         N/A       36%         3
 Vampiric Draining        Necr           5%         2d6       36%         3
 Anguish                  Hex/Necr       2%         N/A       78%         4
 Olgreb's Toxic Radiance  Pois           5%         N/A       78%         4
 Passage of Golubria      Tloc           5%         N/A       78%         4
 Petrify                  Tmut/Erth      5%         N/A       78%         4
 Orb of Destruction       Conj           11%        9d6       95%         7
 Iron Shot                Conj/Erth      7%         9d2       97%         6
 Agony                    Necr           5%         N/A       98%         5
 Blade Hands              Tmut           2%         N/A       98%         5
 Lee's Rapid Deconstruct  Erth           2%         3d5*      98%         5
 Metabolic Englaciation   Hex/Ice        2%         N/A       98%         5
 Yara's Violent Unravell  Hex/Tmut       2%         3d3       98%         5
 Statue Form              Tmut/Erth      3%         N/A       100%        6
 Ozocubu's Refrigeration  Ice            2%         4d8       100%        7
 Lehudib's Crystal Spear  Conj/Erth      7%         10d3      100%        8
 Polar Vortex             Ice            2%         N/A       100%        9
 Summon Guardian Golem    Hex/Summ       Unusable   N/A       N/A         3
 Tukima's Dance           Hex            Unusable   N/A       N/A         3
 Animate Armour           Summ/Erth      Unusable   N/A       N/A         4
 Simulacrum               Ice/Necr       Unusable   N/A       N/A         6
 Spellforged Servitor     Conj/Summ      Unusable   N/A       N/A         7

Dungeon Overview and Level Annotations

Branches:
Dungeon (15/15)            Temple (1/1) D:4            Lair (5/5) D:11
  Swamp (4/4) Lair:2       Spider (4/4) Lair:3        Slime (0/5) Lair:4
    Orc (2/2) D:9             Elf (0/3) Orc:2        Vaults (1/5) D:13
 Depths (0/4) D:15          Sewer (visited)           IceCv (visited)

Altars:
Elyvilon
Fedhas
Gozag
Hepliaklqana
Kikubaaqudgha
Makhleb
Nemelex Xobeh
Okawaru
Ru
Sif Muna
Uskayaw
Vehumet
Wu Jian
Xom
Yredelemnul
Zin
The Shining One
Jiyva

Shops:
D:4 ?(*(?   D:5 *   D:8 *   D:9 (   Orc:2 (=[   Vaults:1 *?*

Annotations:
D:4 exclusion: 2 downstairs
D:5 1 runed translucent door, Crazy Yiuf
D:9 exclusion: downstairs
D:11 2 transporters, Xauneh's ghost, journeyman OpFi
D:12 exclusion: 3 downstairs
Lair:3 exclusion: downstairs
Spider:1 exclusion: downstairs
Spider:2 exclusion: downstairs
Vaults:1 Zenata


Innate Abilities, Weirdness & Mutations

You have a beak for a mouth.
You have claws for feet.
Your magical nature lets you fly swiftly and evasively.
You are frail. (-10% HP)


Message History

You claw the ironbound convoker!
Your peck misses the ironbound convoker.
The ironbound convoker is heavily wounded.
You bludgeon the ironbound convoker!!
You claw the ironbound convoker, but do no damage.
The ironbound convoker is almost dead.
The vault warden is no longer moving slowly.
The ironbound preserver mumbles some strange words.
The ironbound preserver is healed somewhat.
The ironbound convoker completely misses you.
The vault warden misses you.
You barely miss the ironbound convoker. You claw the ironbound convoker.
You kill the ironbound convoker!
Okawaru accepts your kill.
The ironbound convoker is engulfed in freezing vapours.
The ironbound preserver casts a spell.
The ironbound preserver is healed somewhat.
You sock the vault warden! You claw the vault warden.
The vault warden is moderately wounded.
The +6 hand axe of flaming completely misses you.
The vault warden hits you with a +2 great mace!!!
The +6 hand axe of flaming hits you but does no damage.
You bludgeon the vault warden!!
The vault warden looks as sick as possible!
You claw the vault warden.
The vault warden is heavily wounded.
The +6 hand axe of flaming hits you!
The ironbound convoker gestures at Zenata while chanting.
Zenata seems to grow stronger.
The ironbound preserver completely misses you.
The vault warden hits you with a +2 great mace!!
* * * LOW HITPOINT WARNING * * *
Unknown command.
You feel much better.
The ironbound convoker is no longer moving slowly.
The +6 hand axe of flaming hits you! The +6 hand axe of flaming misses you.
The ironbound preserver hits you with a +0 flail!!
* * * LOW HITPOINT WARNING * * *
The vault warden hits you with a +2 great mace!!!
You die...

#,,,,,,,,,+,**,* ###°°○.#.##.....
#,,,,,,,,,**,,** #.°°○°☼.○##.....
#,,,,,,,,,**,,**##.#○°☼#°###.....
#**********,**,*#○○°°°°°.# ###'##
# ******#.○.°☼°### #...
#################°..°°.# #...
.##.##.##.##.##.#p.....# #..?
...............p#(a....# #...
8..8..>..8..8...@pp....# #...
................#####'#### #...
.##.##.##.##.##.# #......# #...
'################ #......# #...
.....# ###......######## .....#
#........'....).. .....#
#........#....... .♣...#
#?∩..)...#....... .....#
#.?......#.......


You could see Zenata (strong, sheltered), an ironbound preserver (very
poisoned), a vault warden (strong, sheltered, extremely poisoned), 2 ironbound
convokers and a +6 hand axe of flaming (summoned, fast).

Vanquished Creatures
  Arachne (Spider:3)
  Jorgrun (D:15)
  Rupert (D:13)
  Asterion (Spider:2)
  Roxanne (D:15)
  3 fenstrider witches (Swamp:4)
  Donald (Swamp:3)
  Kirke (D:15)
  3 thorn hunters (Swamp:4)
  3 emperor scorpions
  5 ghost moths
  Louise (D:14)
  An orc warlord (Orc:2)
  3 very ugly things
  2 broodmothers
  2 stone giants
  5 eleionomae
  Azrael (D:15)
  3 bunyips
  An ettin (D:15)
  A fire dragon (Lair:5)
  The ghost of Valamore the Cleaver, a journeyman DsFi of Yredelemnul (Lair:2)
  5 entropy weavers
  2 ice dragons
  26 hydras
  2 caustic shrike simulacra (IceCv)
  A ghost crab (Swamp:1)
  4 jorogumos
  3 centaur warriors
  A spriggan air mage (Swamp:2)
  9 radroaches
  6 boulder beetles
  12 alligators
  4 two-headed ogres
  9 death scarabs (Spider:4)
  10 death yaks
  3 tengu warriors
  2 orc high priests (Orc:2)
  Urug (Lair:2)
  A sun demon (D:12)
  Nergalle (Lair:1)
  Lodul (D:14)
  5 goliath frogs
  4 pharaoh ants
  2 sun moths (Spider:2)
  7 orb spiders
  3 spriggan druids
  A flayed ghost (D:15)
  10 swamp dragons
  An ironbound convoker (Vaults:1)
  2 orange crystal statues (IceCv)
  3 wizards
  A lindwurm (Lair:5)
  6 bog bodies
  2 deep elf pyromancers (D:12)
  2 spectral wolf spiders (Spider:4)
  10 steelbarb worms
  10 orc knights
  8 orc sorcerers
  23 wolf spiders
  17 ugly things
  6 cyclopes
  5 manticores
  3 elephants (Lair:3)
  4 moths of wrath (Spider:4)
  2 molten gargoyles (Lair:5)
  An eye of devastation (Lair:4)
  A vault sentinel (Vaults:1)
  Maurice (D:13)
  9 demonic crawlers
  6 black mambas
  9 cane toads
  4 torpor snails
  A gargoyle (D:14)
  An orange demon (D:13)
  An efreet (D:15)
  9 rime drakes
  A kobold demonologist (D:11)
  4 redback zombies (Spider:4)
  2 ice devils (D:13)
  2 yaktaurs (shapeshifter)
  A yaktaur (Vaults:1)
  A tengu conjurer (D:13)
  6 spectral redbacks (Spider:4)
  An anaconda simulacrum (IceCv)
  7 freezing wraiths
  5 golden dragon simulacra (IceCv)
  13 komodo dragons
  2 red devils
  3 polar bears
  10 trolls
  3 bloated husks
  A hellwing (D:12)
  31 tarantellas
  2 spectral tarantellas (Spider:4)
  3 jumping spider zombies (Spider:4)
  A wind drake (shapeshifter) (D:14)
  9 hornets
  19 blink frogs
  2 spectral jumping spiders (Spider:4)
  6 tyrant leeches
  A culicivora zombie (Spider:4)
  9 dream sheep
  10 saltlings (Orc:2)
  A snapping turtle (shapeshifter) (D:14)
  13 slime creatures
  23 culicivoras
  17 jumping spiders
  3 shadows (D:11)
  4 wraiths
  50 yaks
  9 spriggans
  Eustachio (D:5)
  4 wyverns
  2 hogs (D:15)
  9 basilisks
  18 humans
  2 fire elementals (D:15)
  Grum (Lair:1)
  A neqoxec (D:12)
  A hog (shapeshifter) (D:15)
  56 redbacks
  6 steam dragons
  17 vampire mosquitoes
  2 chaos spawn (D:12)
  16 swamp worms
  2 harpy simulacra (IceCv)
  3 wargs
  2 hydra simulacra (IceCv)
  An acid dragon (D:10)
  A floating eye (Lair:4)
  5 hell hounds
  10 water moccasins
  5 swamp drakes
  2 ettin simulacra (IceCv)
  29 orc warriors
  3 black bears
  A black mamba simulacrum (Lair:2)
  9 ogres
  3 wolves (Lair:1)
  10 centaurs
  A phantom (D:6)
  6 kobold brigands
  Blork the orc (D:5)
  11 bullfrogs
  A gnoll sergeant (D:6)
  7 scorpions
  8 wights
  2 elephant simulacra (Lair:2)
  A blink frog simulacrum (Lair:2)
  A lindwurm simulacrum (IceCv)
  17 killer bees
  3 electric eels
  7 howler monkeys
  5 lava snakes (Lair:5)
  A wyvern simulacrum (Lair:2)
  2 gnoll boudas
  5 hounds
  5 jellies
  13 orc priests
  A water moccasin simulacrum (Lair:2)
  Jessica (D:3)
  2 iguanas (D:4)
  23 orc wizards
  Natasha (thrice) (D:3)
  Robin (D:4)
  9 adders
  24 gnolls
  2 river rats
  2 shadow imps
  A white imp (D:7)
  4 ufetubi
  4 worms
  A dart slug (D:4)
  94 orcs
  5 bats
  6 endoplasms
  2 giant cockroaches
  7 hobgoblins
  12 jackals
  4 quokkas
  14 ball pythons
  2 frilled lizards (D:2)
  17 goblins
  55 kobolds
  13 rats
  A butterfly (Lair:3)
  A pillar of salt (Orc:2)
1230 creatures vanquished.

Vanquished Creatures (others)
  A jorogumo (Spider:1)
  A demonic crawler (Spider:1)
  A rime drake (Lair:2)
  2 bloated husks
  2 orcs
  A kobold (D:8)
  7 briar patches (Swamp:4)
  A bush (Lair:5)
  8 demonic plants (D:13)
  31 fungi
  8 pillars of salt (Orc:2)
  7 plants
70 creatures vanquished.

Grand Total: 1300 creatures vanquished

Notes
Turn   | Place    | Note
-------+----------+-------------------------------------------
     0 | D:1      | boo the Tengu Gladiator began the quest for the Orb.
     0 | D:1      | Reached XP level 1. HP: 12/12 MP: 2/2
    65 | D:1      | Reached XP level 2. HP: 16/17 MP: 3/3
   332 | D:1      | Reached XP level 3. HP: 12/22 MP: 4/4
   905 | D:2      | Reached XP level 4. HP: 27/27 MP: 5/5
   924 | D:2      | Found a glowing golden altar of the Shining One.
  1313 | D:3      | Noticed Natasha
  1317 | D:3      | Killed Natasha
  1318 | D:3      | Reached skill level 4 in Dodging
  1450 | D:3      | Noticed Jessica
  1461 | D:3      | Killed Jessica
  1462 | D:3      | Reached skill level 5 in Staves
  1462 | D:3      | Gained mutation: Your magical nature lets you fly swiftly
                  | and evasively. [Tengu growth]
  1462 | D:3      | Reached XP level 5. HP: 6/32 MP: 1/6
  1566 | D:3      | Noticed Natasha
  1579 | D:3      | Killed Natasha
  1793 | D:3      | Noticed Natasha
  1802 | D:3      | Killed Natasha
  1985 | D:3      | Reached XP level 6. HP: 37/37 MP: 7/7
  2001 | D:3      | Learned a level 3 spell: Swiftness
  2567 | D:4      | Found a glowing drain.
  2582 | Sewer    | Entered a sewer
  2705 | Sewer    | Reached skill level 5 in Dodging
  2705 | Sewer    | Reached XP level 7. HP: 17/42 MP: 3/8
  2890 | Sewer    | Found a white marble altar of Elyvilon.
  3017 | D:4      | Found Suyt's Magic Scroll Boutique.
  3022 | D:4      | Bought a scroll of identify for 20 gold pieces
  3025 | D:4      | Bought a scroll of identify for 20 gold pieces
  3040 | D:4      | Found Bihiuski's Antique Weapon Shop.
  3043 | D:4      | Found a staircase to the Ecumenical Temple.
  3067 | Temple   | Entered the Ecumenical Temple
  3074 | Temple   | Became a worshipper of Warmaster Okawaru
  3090 | D:4      | Found Gium's General Store.
  3147 | D:4      | Found Miywakak's Magic Scroll Boutique.
  3194 | D:4      | Found Oqisoor's Antique Weapon Emporium.
  3399 | D:4      | Noticed Robin
  3404 | D:4      | Killed Robin
  3705 | D:4      | Reached * piety under Okawaru
  4129 | D:4      | Reached XP level 8. HP: 44/48 MP: 7/9
  4513 | D:4      | Bought a runed quarterstaff for 210 gold pieces
  4541 | D:4      | Bought a runed quarterstaff for 133 gold pieces
  4594 | D:5      | Entered Level 5 of the Dungeon
  4597 | D:5      | Noticed Eustachio
  4722 | D:5      | Reached skill level 6 in Dodging
  4773 | D:5      | Noticed Blork the orc
  4820 | D:5      | Killed Blork the orc
  4821 | D:5      | Reached skill level 5 in Fighting
  5116 | D:5      | Found an ornate altar of the Wu Jian Council.
  5120 | D:5      | Killed Eustachio
  5197 | D:5      | Found Yprupsih's General Store.
  5596 | D:5      | Found a runed translucent door.
  5597 | D:5      | Noticed Crazy Yiuf
  5975 | D:6      | Reached ** piety under Okawaru
  5976 | D:6      | Reached XP level 9. HP: 30/55 MP: 5/10
  6090 | D:6      | Reached skill level 7 in Dodging
  6122 | D:6      | Found a radiant altar of Vehumet.
  6371 | D:6      | Reached skill level 10 in Staves
  6784 | D:7      | Reached *** piety under Okawaru
  6883 | D:7      | Reached skill level 8 in Dodging
  6960 | D:7      | Reached XP level 10. HP: 59/63 MP: 9/11
  7262 | D:7      | Found an opulent altar of Gozag.
  7833 | D:8      | Found Zayluq's Sacrilege Store.
  8113 | D:8      | Found Qetiaps's Magic Scroll Shoppe.
  8474 | D:9      | You are sucked into a shaft and drop 3 floors!
  8513 | D:11     | Noticed a kobold demonologist
  8534 | D:10     | Entered Level 10 of the Dungeon
  8668 | D:9      | Found a viscous altar of Jiyva.
  8828 | D:9      | Found a basalt altar of Yredelemnul.
  8954 | D:9      | Reached skill level 9 in Dodging
  9126 | D:9      | Found an ancient bone altar of Kikubaaqudgha.
  9128 | D:9      | Reached **** piety under Okawaru
  9130 | D:9      | Found a burning altar of Makhleb.
  9196 | D:9      | Found a staircase to the Orcish Mines.
  9390 | D:9      | Found Joebleig's Weapon Emporium.
  9615 | D:9      | Found a white marble altar of Elyvilon.
 10029 | D:4      | Bought the +0 cloak of Misanthropy {rN+ Dex+3} for 286 gold
                  | pieces
 10201 | D:10     | Found a blossoming altar of Fedhas.
 10290 | D:10     | Reached XP level 11. HP: 64/69 MP: 9/12
 10363 | D:10     | Identified the +9 whip of Wariness {flame, Fragile Fly
                  | rElec Str+3}
 10904 | D:4      | Bought a scroll of identify for 22 gold pieces
 10904 | D:4      | Bought a scroll of identify for 22 gold pieces
 10904 | D:4      | Bought a scroll of identify for 22 gold pieces
 11082 | D:10     | Received a gift from Okawaru
 11213 | D:11     | Reached skill level 10 in Dodging
 11265 | D:11     | Found a transporter.
 11268 | D:11     | Noticed Xauneh's ghost (journeyman OpFi)
 11281 | D:11     | Found a transporter.
 11389 | D:11     | Noticed a two-headed ogre
 11391 | D:11     | Found a staircase to the Lair.
 11396 | D:11     | Killed a two-headed ogre
 11442 | D:11     | Noticed a cyclops
 11450 | D:11     | Killed a cyclops
 11547 | D:11     | Noticed a two-headed ogre
 11554 | D:11     | Killed a two-headed ogre
 11996 | D:12     | Noticed a deep elf pyromancer
 12019 | D:12     | Killed a deep elf pyromancer
 12028 | D:12     | Reached ***** piety under Okawaru
 12210 | D:12     | Noticed a deep elf pyromancer
 12216 | D:12     | Killed a deep elf pyromancer
 12237 | D:12     | Noticed a manticore
 12247 | D:12     | Killed a manticore
 12247 | D:12     | Identified the +3 quarterstaff "Vicsor" {venom, rPois rF+
                  | Str+3 Dex+3} (Okawaru gifted it to you on level 12 of the
                  | Dungeon)
 12247 | D:12     | Received a gift from Okawaru
 12248 | D:12     | Reached XP level 12. HP: 71/77 MP: 13/13
 12431 | D:12     | Reached skill level 15 in Staves
 12431 | D:12     | Reached skill level 11 in Dodging
 12671 | D:12     | Reached skill level 10 in Fighting
 12717 | D:12     | Reached skill level 1 in Armour
 12888 | Lair:1   | Entered Level 1 of the Lair of Beasts
 12916 | Lair:1   | Noticed Grum
 12922 | Lair:1   | Reached skill level 1 in Spellcasting
 12935 | Lair:1   | Killed Grum
 13007 | Lair:1   | Noticed a death yak
 13007 | Lair:1   | Noticed a death yak
 13027 | Lair:1   | Noticed a death yak
 13054 | Lair:1   | Killed a death yak
 13062 | Lair:1   | Killed a death yak
 13070 | Lair:1   | Killed a death yak
 13156 | Lair:1   | Noticed Nergalle
 13192 | Lair:1   | Killed Nergalle
 13258 | Lair:1   | Noticed a five-headed hydra
 13264 | Lair:1   | Killed a five-headed hydra
 13265 | Lair:1   | Reached skill level 5 in Armour
 13719 | Lair:2   | Received a gift from Okawaru
 13729 | Lair:2   | Found a runed translucent gate.
 13729 | Lair:2   | Found a runed translucent gate.
 13730 | Lair:2   | Found a runed translucent gate.
 13916 | Lair:2   | Noticed Urug
 13942 | Lair:2   | Killed Urug
 13943 | Lair:2   | Reached skill level 12 in Dodging
 13943 | Lair:2   | Reached XP level 13. HP: 45/84 MP: 17/19
 14037 | Lair:2   | Received a gift from Okawaru
 14068 | Lair:2   | Noticed Valamore's ghost (journeyman DsFi)
 14173 | Lair:2   | Identified 3 scrolls of acquirement
 14194 | Lair:1   | Acquired a +4 lajatang of venom
 14195 | Lair:1   | Acquired a +5 antimagic lajatang
 14196 | Lair:1   | Acquired 759 gold pieces
 14374 | D:4      | Bought a scroll of acquirement for 520 gold pieces
 14374 | D:4      | Bought a scroll of blinking for 75 gold pieces
 14374 | D:4      | Acquired 758 gold pieces
 14414 | D:4      | Bought a scroll of silence for 104 gold pieces
 14414 | D:4      | Bought a scroll of blinking for 82 gold pieces
 14414 | D:4      | Bought a scroll of blinking for 82 gold pieces
 14467 | D:5      | Bought a scroll of enchant weapon for 105 gold pieces
 14467 | D:5      | Bought a scroll of fear for 56 gold pieces
 14467 | D:5      | Bought a +2 pair of gloves of strength for 301 gold pieces
 14494 | D:4      | Bought a scroll of enchant weapon for 97 gold pieces
 14587 | D:8      | Bought a scroll of identify for 30 gold pieces
 14587 | D:8      | Bought a scroll of teleportation for 45 gold pieces
 14587 | D:8      | Bought 2 scrolls of enchant weapon for 225 gold pieces
 14680 | Lair:2   | Found a staircase to the Swamp.
 14961 | Lair:2   | Identified the +8 arbalest of Plague {flame, rN+ rCorr}
 15059 | Lair:2   | Noticed an ice dragon
 15200 | Lair:3   | Reached skill level 1 in Air Magic
 15705 | Lair:3   | Found the +4 skin of Zhor {*Englaciate rC+++ SInv}
 15809 | Lair:3   | Found a hole to the Spider Nest.
 15855 | Lair:3   | Received a gift from Okawaru
 16363 | Lair:4   | Found a viscous altar of Jiyva.
 16364 | Lair:4   | Found a staircase to the Slime Pits.
 16373 | Lair:4   | Paralysed by a floating eye for 3 turns
 16881 | Lair:4   | Received a gift from Okawaru
 16882 | Lair:4   | Reached skill level 5 in Spellcasting
 17158 | Lair:4   | Learned a level 1 spell: Shock
 17537 | Lair:5   | Entered Level 5 of the Lair of Beasts
 17630 | Lair:5   | Received a gift from Okawaru
 17882 | Lair:5   | Reached XP level 14. HP: 92/92 MP: 23/23
 17887 | Lair:5   | Reached skill level 5 in Air Magic
 17945 | Lair:5   | Found a large runed translucent door.
 17945 | Lair:5   | Found a large runed translucent door.
 18200 | Lair:5   | Reached skill level 13 in Dodging
 18973 | Lair:5   | Received a gift from Okawaru
 19491 | Lair:2   | Killed Valamore's ghost
 19544 | Lair:2   | Got the ring "Leiffaesu" {Fire rN++ Dex-2 SInv}
 19975 | Lair:1   | Learned a level 4 spell: Airstrike
 19979 | Lair:1   | Learned a level 2 spell: Static Discharge
 19985 | Lair:1   | Learned a level 5 spell: Arcjolt
 19991 | Lair:1   | Learned a level 5 spell: Lightning Bolt
 19995 | Lair:1   | Learned a level 3 spell: Vhi's Electric Charge
 20143 | D:13     | Noticed Rupert
 20143 | D:13     | Found a gate to the Vaults.
 20248 | D:13     | Reached skill level 1 in Conjurations
 20256 | D:12     | Gained mutation: Your body sometimes deteriorates upon
                  | taking damage. [a neqoxec]
 20300 | D:13     | Reached XP level 15. HP: 100/100 MP: 26/26
 20494 | Orc:1    | Entered Level 1 of the Orcish Mines
 20522 | Orc:1    | Identified the +1 robe of Articulation {rElec rN++}
                  | (Okawaru gifted it to you on level 1 of the Orcish Mines)
 20522 | Orc:1    | Received a gift from Okawaru
 21005 | Orc:2    | Entered Level 2 of the Orcish Mines
 21054 | Orc:2    | Noticed an orc warlord
 21060 | Orc:2    | Reached skill level 10 in Armour
 21157 | Orc:2    | Killed an orc warlord
 21304 | Orc:2    | Found a staircase to the Elven Halls.
 21325 | Orc:2    | Found a runed translucent door.
 21805 | Orc:2    | Reached skill level 14 in Dodging
 21807 | Orc:2    | Found Keoki's Weapon Boutique.
 22121 | Orc:2    | Found Oghiostru's Jewellery Boutique.
 22146 | Orc:2    | Found Kaugh's Armour Shop.
 22201 | Orc:2    | Bought the +3 pair of gauntlets of War {Slay+5} for 570
                  | gold pieces
 22201 | Orc:2    | Found the +3 pair of gauntlets of War {Slay+5}
 22291 | Orc:2    | Found Nuptilar's Weapon Shoppe.
 22380 | Orc:2    | Reached skill level 5 in Conjurations
 22630 | D:13     | Killed Rupert
 22788 | D:13     | Noticed Maurice
 22797 | D:13     | Killed Maurice
 23457 | D:14     | Noticed Lodul
 23478 | D:14     | Killed Lodul
 23675 | D:14     | Reached skill level 15 in Fighting
 23915 | D:14     | Identified the +10 quarterstaff "Kefriopa" {drain, Int+4}
                  | (Okawaru gifted it to you on level 14 of the Dungeon)
 23915 | D:14     | Received a gift from Okawaru
 23961 | D:14     | Noticed Louise
 23981 | D:14     | Killed Louise
 24182 | D:14     | Reached XP level 16. HP: 103/108 MP: 9/29
 24672 | D:15     | Entered Level 15 of the Dungeon
 24685 | D:15     | Found a glowing golden altar of the Shining One.
 24807 | D:15     | Found a staircase to the Depths.
 24905 | D:15     | Noticed Jorgrun
 24921 | D:15     | Killed Jorgrun
 25092 | D:15     | Identified Roxanne's Grimoire of Grit
 25092 | D:15     | Noticed Roxanne
 25442 | D:15     | Noticed Kirke
 25456 | D:15     | Killed Kirke
 25499 | D:15     | Noticed Azrael
 25610 | D:15     | Killed Azrael
 26149 | D:8      | Bought a scroll of magic mapping for 112 gold pieces
 26149 | D:8      | Bought a scroll of teleportation for 45 gold pieces
 26149 | D:8      | Bought a scroll of magic mapping for 112 gold pieces
 26149 | D:8      | Bought a scroll of fear for 60 gold pieces
 26149 | D:8      | Bought 2 scrolls of teleportation for 90 gold pieces
 26292 | Spider:1 | Entered Level 1 of the Spider Nest
 26317 | Spider:1 | Reached skill level 15 in Dodging
 26683 | Spider:1 | Identified the +0 scale mail "Jylamun" {Harm *Slow rC-
                  | Dex+4} (Okawaru gifted it to you on level 1 of the Spider
                  | Nest)
 26683 | Spider:1 | Received a gift from Okawaru
 28356 | Spider:2 | Reached XP level 17. HP: 112/116 MP: 31/31
 28773 | Spider:2 | Reached skill level 16 in Dodging
 29043 | Spider:2 | Noticed Asterion
 29226 | Spider:2 | Killed Asterion
 29432 | Spider:3 | Received a gift from Okawaru
 29460 | Spider:3 | Noticed Arachne
 29601 | Spider:3 | Killed Arachne
 30252 | Spider:4 | Entered Level 4 of the Spider Nest
 30572 | Spider:4 | Reached skill level 1 in Stealth
 30662 | Spider:4 | Reached skill level 17 in Dodging
 30974 | Spider:4 | Received a gift from Okawaru
 30987 | Spider:4 | Gained mutation: You are frail. (-10% HP) [mutagenic glow]
 31907 | Spider:4 | Identified the +2 plate armour of Claustrophobia {rC-
                  | Will++ Int+5}
 31940 | Spider:4 | Reached XP level 18. HP: 104/111 MP: 32/32
 32179 | Spider:4 | Reached skill level 18 in Dodging
 32322 | Spider:4 | Reached skill level 5 in Stealth
 32591 | Spider:4 | Got a gossamer rune of Zot
 32833 | Swamp:1  | Entered Level 1 of the Swamp
 32926 | Lair:1   | Lost mutation: You are frail. (-10% HP) [potion of
                  | mutation]
 32926 | Lair:1   | Lost mutation: Your body sometimes deteriorates upon taking
                  | damage. [potion of mutation]
 32926 | Lair:1   | Gained mutation: You are frail. (-10% HP) [potion of
                  | mutation]
 33744 | Swamp:2  | Identified the +2 scale mail "Hisocw" {Regen+ SInv}
 34171 | Swamp:2  | Received a gift from Okawaru
 34210 | Swamp:2  | Reached skill level 19 in Dodging
 34605 | Swamp:3  | Noticed Donald
 34613 | Swamp:3  | Killed Donald
 35266 | Swamp:4  | Entered Level 4 of the Swamp
 35590 | Swamp:4  | Found a frozen archway.
 35624 | IceCv    | Entered an ice cave
 35658 | IceCv    | Reached XP level 19. HP: 117/117 MP: 33/33
 35928 | IceCv    | Identified the ring of Cycvir {Ice Str+3 Dex+2}
 36560 | Swamp:4  | Received a gift from Okawaru
 36570 | Swamp:4  | Reached skill level 10 in Spellcasting
 36797 | Swamp:4  | Received a gift from Okawaru
 36904 | Swamp:4  | HP: 1/117 [thorn hunter/volley of thorns (34)]
 37186 | Swamp:4  | Got a decaying rune of Zot
 37472 | D:15     | Killed Roxanne
 37744 | Vaults:1 | Entered Level 1 of the Vaults
 37754 | Vaults:1 | Found Cuezoh's Assorted Antiques.
 37761 | Vaults:1 | Bought a potion of heal wounds for 235 gold pieces
 37830 | Vaults:1 | Found Qiter's Magic Scroll Shop.
 37853 | Vaults:1 | Found a flickering gateway to a bazaar.
 37863 | Bazaar   | Entered a bazaar
 37865 | Bazaar   | Found Mawnef's Armour Boutique.
 37969 | Bazaar   | Found Ojir's Assorted Antiques.
 37969 | Bazaar   | Found Ucistip's Armour Boutique.
 37969 | Bazaar   | Found Kotod's Distillery.
 37975 | Bazaar   | Bought 2 potions of curing for 84 gold pieces
 37975 | Bazaar   | Bought a potion of might for 56 gold pieces
 37975 | Bazaar   | Bought 2 potions of might for 112 gold pieces
 37975 | Bazaar   | Bought 2 potions of might for 112 gold pieces
 37975 | Bazaar   | Bought a potion of ambrosia for 112 gold pieces
 37975 | Bazaar   | Bought a potion of curing for 42 gold pieces
 37988 | Bazaar   | Bought a potion of heal wounds for 145 gold pieces
 37998 | Bazaar   | Bought a potion of magic for 112 gold pieces
 38006 | Bazaar   | Bought a +1 cloak of stealth for 165 gold pieces
 38011 | Bazaar   | Bought the +1 robe of the Heron {rElec rPois rC-} for 135
                  | gold pieces
 38075 | Vaults:1 | Found Komif's General Store.
 38081 | Vaults:1 | Bought a potion of haste for 150 gold pieces
 38117 | Vaults:1 | Noticed Zenata
 38126 | Vaults:1 | Annihilated by a vault warden

Illustrated notes

Levels and vault maps discovered:
D:1:      onia_arrival_handbag, layout_basic, serial_bayou_crossing
D:2:      layout_rooms, basic_altar, supply_closet_lemuel, grunt_ministairs_14
D:3:      layout_loops_ring, uniq_natasha, uniq_jessica
D:4:      minmay_goblin_kobold_castle, layout_cave_pools,
          minmay_temple_entry_glass, portal_sewer_entry_b, serial_shops,
          kennysheep_mini, nicolae_shop_stone, shop_coins, shop,
          nicolae_shop_hallway_plus, small_statue_alley_b, uniq_robin
D:5:      layout_cave_pools, mainiacjoe_overflow_chevrons, serial_shops, shop,
          uniq_eustachio, uniq_blork_the_orc, uniq_crazy_yiuf_cottage
D:6:      layout_basic, mainiacjoe_overflow_tiny_flanked, lightli_minifort
D:7:      layout_rooms, lemuel_coloured_pillars_altar,
          chequers_serial_rivers_large_a
D:8:      layout_basic, serial_shops, nicolae_shop_behind_doors,
          nicolae_evil_shop
D:9:      layout_layer_cave, kennysheep_ying_yang, grunt_temple_overflow_open,
          erik_orc_2, serial_shops, nicolae_diamond_shop, jiyva_altar_1
D:10:     layout_long_grid, kennysheep_mini_moat
D:11:     layout_roguey, lair_entry_dummy, gammafunk_ghost_stat_death
D:12:     layout_loops_ring
D:13:     layout_small_grid, david_vaults_3, serial_demonic, serial_demonic_b,
          serial_demonic_c, serial_demonic_d, serial_demonic_f, uniq_maurice
D:14:     layout_irregular_city, uniq_louise, uniq_lodul
D:15:     grunt_enter_depths_snipers, layout_irregular_city, tso_metal_star,
          minmay_checkered_concentric_circles, uniq_jorgrun, uniq_azrael,
          uniq_roxanne, uniq_kirke
Temple:   nicolae_temple_ecumenical_triangle
Lair:1:   layout_roguey, eino_small_chamber_without_monster,
          infiniplex_staircase_pool_2, uniq_grum, uniq_nergalle
Lair:2:   layout_concentric_octagons, minmay_swamp_entry_worms,
          gammafunk_ghost_icy, uniq_urug
Lair:3:   layout_cave_pods, nicolae_spider_entry_non_spiders,
          hellmonk_guarded_unrand_zhor, infiniplex_staircase_pool,
          serial_bayou_shore_a, lemuel_fruit_fields
Lair:4:   layout_cellular_growth, minmay_slime_entry_eyes
Lair:5:   cheibrodos_lair_end_hotspot, layout_hall_layers
Swamp:1:  layout_falls_marsh, evilmike_swamp_ruin_house_1
Swamp:2:  layout_basic_swamp, nicolae_swamp_treefoil
Swamp:3:  layout_basic_swamp, serial_swamp_ruin, evilmike_swamp_ruin_rubble_1,
          evilmike_swamp_ruin_house_4, hangedman_swamp_grove, uniq_donald
Swamp:4:  swamp_basic_johnstein, layout_basic_swamp,
          portal_ice_cave_entry_ugly_swarm
Spider:1: layout_chambers
Spider:2: layout_spider_delve, nicolae_spider_jagged_tunnels, uniq_asterion
Spider:3: layout_spider_delve, spiders_nest_the_unseen, uniq_arachne
Spider:4: floodkiller_spider_rune_tomb
Orc:1:    layout_caves
Orc:2:    hellmonk_orc_salted, layout_diamond_mine, lightli_church_of_beogh
Vaults:1: nicolae_vaults_little_squares_1, nicolae_vaults_border_crossing,
          ontoclasm_vaults_idyll, hangedman_vaults_cutoff,
          nicolae_vaults_an_arrangement, ontoclasm_vaults_spin,
          nicolae_vaults_little_squares_5, hangedman_vaults_pinch,
          grunt_vaults_hallway_long, vaults_dpeg_ring, layout_vaults_maze,
          serial_shops, freezing_bzr, shop, nicolae_shop_trees, shop_scrolls,
          uniq_zenata

Skill      XL: |  1  2  3  4  5  6  7  8  9 10 11 12 13 14 15 16 17 18 19 |
---------------+----------------------------------------------------------+-----
Staves         | 4 5 6 7 9 11 13 14 15 | 15.1
Dodging        | 4 5 6 8 9 10 12 13 14 15 17 19 | 19.9
Fighting       | 3 4 5 7 8 9 10 12 13 15 16 17 18 | 18.4
Armour         | 6 8 9 11 12 13 14 | 14.7
Spellcasting   | 3 5 6 8 9 10 | 10.4
Air Magic      | 4 7 8 |  8.9
Conjurations   | 1 6 8 9 |  9.0
Stealth        | 4 9 |  9.7
Throwing       | |  2.0

Action                     |  1- 3 |  4- 6 |  7- 9 | 10-12 | 13-15 | 16-18 | 19-21 || total
---------------------------+-------+-------+-------+-------+-------+-------+-------++-------
  Melee: Quarterstaff      |    93 |   120 |   343 |   460 |   819 |  1252 |   218 ||  3305
         Kick              |    21 |    37 |   109 |   194 |   601 |   801 |   188 ||  1951
         Peck              |    14 |    22 |    51 |   109 |   402 |   531 |   104 ||  1233
         Lajatang          |       |       |       |       |   534 |   285 |    76 ||   895
  Throw: Throwing net      |       |       |       |     1 |       |       |       ||     1
   Cast: Shock             |       |       |       |       |       |    20 |     8 ||    28
 Invoke: Heroism           |       |       |     5 |    20 |    26 |    39 |    12 ||   102
         Finesse           |       |       |       |       |     2 |     3 |       ||     5
  Evoke: Wand              |       |       |       |       |       |     3 |       ||     3
    Use: Scroll            |       |     1 |     5 |     9 |    17 |    15 |     2 ||    49
         Potion            |       |       |     2 |     4 |     4 |    12 |     2 ||    24
   Stab: Sleeping          |     1 |     2 |     2 |     4 |     2 |    16 |     1 ||    28
         Distracted        |       |       |     3 |       |     3 |     3 |     2 ||    11
         Held in net/web   |       |       |       |     1 |       |     2 |       ||     3
 Armour: Leather armour    |    21 |    18 |    37 |     9 |       |       |       ||    85
         Acid dragon scale |       |       |       |    34 |    83 |       |       ||   117
         Animal skin       |       |       |       |       |    59 |   195 |    39 ||   293
  Dodge: Dodged            |    75 |   130 |   341 |   350 |  1222 |  1705 |   358 ||  4181

Table legend: (Time is in decaauts)
 A = Elapsed time spent in this place.
 B = Non-inter-level travel time spent in this place.
 C = Inter-level travel time spent in this place.
 D = Time resting spent in this place.
 E = Time spent auto-exploring this place.
 F = Levels seen in this place.
 G = Mean time per level.
                   A        B        C        D        E       F      G
               +--------+--------+--------+--------+--------+-----+--------+
         Total |  34525 |  31417 |   3108 |   7474 |  13334 |  35 |  986.4 |
       Dungeon |  16125 |  14209 |   1916 |   3208 |   6546 |  15 | 1075.0 |
        Temple |     13 |     13 |      0 |      0 |      0 |   1 |   13.0 |
          Lair |   6243 |   5521 |    722 |    848 |   2851 |   5 | 1248.6 |
         Swamp |   3596 |   3450 |    146 |    946 |   1263 |   4 |  899.0 |
   Spider Nest |   5778 |   5518 |    260 |   1715 |   1770 |   4 | 1444.5 |
  Orcish Mines |   1771 |   1709 |     62 |    312 |    869 |   2 |  885.5 |
        Vaults |    186 |    186 |      0 |      0 |     10 |   1 |  186.0 |
        Bazaar |    155 |    155 |      0 |    100 |      0 |   1 |  155.0 |
         Sewer |    348 |    348 |      0 |    188 |     23 |   1 |  348.0 |
      Ice Cave |    307 |    307 |      0 |    153 |      0 |   1 |  307.0 |
               +--------+--------+--------+--------+--------+-----+--------+

Top non-repeatable levels by time:
     D:4: 1970 daAuts
Spider:4: 1895 daAuts
     D:9: 1638 daAuts
  Lair:5: 1609 daAuts
    D:15: 1516 daAuts
Spider:2: 1460 daAuts
Spider:1: 1456 daAuts
  Lair:4: 1384 daAuts
     D:3: 1356 daAuts
 Swamp:4: 1305 daAuts
   Orc:2: 1258 daAuts
  Lair:3: 1187 daAuts
     D:8: 1171 daAuts
  Lair:2: 1157 daAuts
    D:12: 1134 daAuts
